 Dungeon Crawl Stone Soup version 0.30.0 (webtiles) character file.

Game seed: 6533897449927374170

6643 aylmao the Brawler (level 10, -6/88 HPs)
             Began as a Troll Fighter on Dec 9, 2023.
             Was a Believer of Ru.
             Mangled by a hornet (8 damage)
             ... on level 9 of the Dungeon.
             The game lasted 00:23:48 (7772 turns).

aylmao the Brawler (Troll Fighter)                  Turns: 7772, Time: 00:23:48

Health: -6/88      AC:  7    Str: 33    XL:     10   Next: 72%
Magic:  0/9        EV:  8    Int:  4    God:    Ru [**....]
Gold:   730        SH:  7    Dex:  9    Spells: 9/9 levels left

rFire   . .          .
                       - Unarmed
rCold   + . .        b - +0 kite shield
rNeg    . . .        n - +1 robe {rC+}
rPois   +            e - +1 hat
rElec   +            H - +0 cloak
rCorr   .            (gloves unavailable)
SInv    +            (boots unavailable)
Will    +....        K - amulet "Vifixe" {Spirit rElec rPois Str+3} Stlth
                     i - ring of see invisible
HPRegen 1.14/turn    o - ring of willpower
MPRegen 0.11/turn

%: guardian spirit
@: lethally poisoned (-6 -> -6), about to teleport, slowed, very slow
A: large, unfitting armour, claws 3, regeneration 1, shaggy fur 1, tough skin 1,
no stealth, inability to train dodging
a: Renounce Religion


You were on level 9 of the Dungeon.
You worshipped Ru.
Ru was pleased with you.
You visited 2 branches of the dungeon, and saw 10 of its levels.
You also visited: Ossuary.

You collected 730 gold pieces.

Inventory:

Hand Weapons
 B - a -1 demon whip of venom
Armour
 b - a +0 kite shield (worn)
 e - a +1 hat (worn)
 n - a +1 robe of cold resistance (worn)
 H - a +0 cloak (worn)
 J - a +2 robe of fire resistance
Jewellery
 g - a ring of fire
 i - a ring of see invisible (left claw)
 l - an amulet of magic regeneration
 o - a ring of willpower (right claw)
 v - a ring of resist corrosion
 K - the amulet "Vifixe" (around neck) {Spirit rElec rPois Str+3}
   (You found it on level 8 of the Dungeon)

   [amulet of guardian spirit]

   It causes incoming damage to be divided between your reserves of health and
   magic.
   Str:       It affects your strength (+3).
   rElec:     It insulates you from electricity.
   rPois:     It protects you from poison.
 M - the amulet of Uray {Acrobat Rampage rF- Str+5 SInv}
   (You found it on level 9 of the Dungeon)

   [amulet of the acrobat]

   It increases your evasion while moving and waiting.
   Str:       It affects your strength (+5).
   rF:        It makes you vulnerable to fire.
   SInv:      It lets you see invisible.
   Rampage:   It bestows one free step when moving towards enemies.
Wands
 q - a wand of roots (6)
 t - a wand of light (8)
 y - a wand of digging (2)
Scrolls
 a - 2 scrolls of fog
 d - 2 scrolls of fear
 s - 2 scrolls of teleportation
 u - 2 scrolls of amnesia
 w - a scroll of brand weapon
 D - 3 scrolls of identify
 G - a scroll of blinking
 I - 2 scrolls of magic mapping
 L - a scroll of summoning {unknown}
Potions
 c - 2 potions of might
 f - 7 potions of flight
 h - 5 potions of curing
 j - 4 potions of brilliance
 k - a potion of cancellation
 m - 2 potions of mutation
 p - 2 potions of degeneration
 r - 3 potions of magic
 x - a potion of resistance
 z - 2 potions of lignification
 A - a potion of haste
 C - a potion of ambrosia
 E - a potion of invisibility {unknown}
 F - a potion of berserk rage {unknown}


   Skills:
 - Level 2.4 Fighting
 - Level 2.6 Shields
 + Level 15.8 Unarmed Combat


You had 9 spell levels left.
You didn't know any spells.
Your spell library contained the following spells:

 Spells                   Type           Power      Damage    Failure   Level
 Summon Small Mammal      Summ           0%         N/A       71%         1
 Ensorcelled Hibernation  Hex/Ice        0%         N/A       85%         2
 Passwall                 Tmut/Erth      0%         N/A       85%         2
 Call Canine Familiar     Summ           0%         N/A       97%         3
 Summon Guardian Golem    Hex/Summ       0%         N/A       97%         3
 Swiftness                Air            0%         N/A       97%         3


Dungeon Overview and Level Annotations

Branches:
Dungeon (9/15)             Temple (1/1) D:4         Ossuary (visited)
   Lair: D:8-11         Orc: D:9-12

Altars:
Ashenzari
Cheibriados
Dithmenos
Elyvilon
Fedhas
Gozag
Hepliaklqana
Makhleb
Nemelex Xobeh
Okawaru
Qazlal
Ru
Sif Muna
Trog
Uskayaw
Vehumet
Wu Jian
Xom
Yredelemnul
Zin
The Shining One


Innate Abilities, Weirdness & Mutations

You are too large for most types of armour.
You have claws for hands.
Your natural rate of healing is unusually fast.
You are covered in fur. (AC +1)
You have tough skin. (AC +1)
You cannot be stealthy.
You cannot train Dodging skill.


Message History

You are too injured to fight recklessly!
You are too injured to fight recklessly!
You are too injured to fight recklessly!
You are too injured to fight recklessly!
You are too injured to fight recklessly!
You are too injured to fight recklessly!
You are too injured to fight recklessly!
You scratch the hornet.
The hornet is lightly wounded.
The hornet stings you!
* * * LOW HITPOINT WARNING * * *
You scratch the hornet.
The hornet is moderately wounded.
The hornet completely misses you.
You closely miss the hornet.
The hornet is moderately wounded.
The hornet closely misses you.
You barely miss the hornet.
The hornet is moderately wounded.
The hornet is no longer blind.
The hornet stings you!
* * * LOW HITPOINT WARNING * * *
You claw the hornet!
The hornet is heavily wounded.
The hornet stings you.
* * * LOW HITPOINT WARNING * * *
You feel yourself slow down. The hornet stings you!
* * * LOW HITPOINT WARNING * * *
You focus your inner power and illuminate the hornet in retribution!
You feel better.
You feel yourself speed up. The hornet stings you!
* * * LOW HITPOINT WARNING * * *
You are poisoned.
You feel yourself slow down. The hornet barely misses you.
As you read the scroll of teleportation, it crumbles to dust.
You feel strangely unstable.
* * * LOW HITPOINT WARNING * * *
You feel very sick. The hornet stings you!
You die...

#######..# #..... #........#
.♣.♣ #...## #........# (♣.♣
#...#. #........# .♣.♣ #...#.
#........# ...♣ #...#.
#........#######.!.#######...##
#.....<........................
#..............y............###
#.............@.............#
#.......######'##...........#
#.......#.......#...........#
#.......#.......#...........###
#.......#.......#.}.........^..
........#....(..#..............
....###'#####.......#####..
....................# #..
....................# #..


You could see a hornet (corona).

Vanquished Creatures
  Amaemon (D:8)
  A deep elf pyromancer (D:9)
  A cyclops (D:9)
  An orange demon (D:8)
  Psyche (D:8)
  A hornet (D:8)
  2 wyverns (D:9)
  A steam dragon (D:7)
  4 water moccasins
  2 orc warriors
  2 black bears
  A hornet zombie (Ossuary)
  An ice beast (D:5)
  2 sky beasts
  A phantom (D:5)
  A kobold brigand (D:9)
  2 bullfrogs
  2 scorpions
  4 water moccasin zombies (Ossuary)
  9 wights
  2 howler monkeys (D:4)
  4 hounds
  2 jellies
  3 centaur zombies (Ossuary)
  Crazy Yiuf (D:7)
  2 gnoll boudas (D:7)
  7 orc priests
  9 bullfrog zombies (Ossuary)
  A sleepcap (D:4)
  13 mummies (Ossuary)
  Ijyb (D:3)
  Terence (D:2)
  3 iguanas
  7 orc wizards
  2 killer bee zombies (Ossuary)
  Robin (D:4)
  2 howler monkey zombies (Ossuary)
  9 gnolls
  16 adders
  A shadow imp (D:6)
  2 white imps
  2 ufetubi (D:4)
  3 worms
  5 dart slugs
  26 orcs
  8 endoplasms
  3 giant cockroaches (D:2)
  17 goblins
  8 hobgoblins
  6 jackals
  15 kobolds
  2 quokkas
  10 ball pythons
  7 bats
  5 frilled lizards
  3 rats
249 creatures vanquished.

Vanquished Creatures (others)
  2 gnolls (D:7)
  2 plants (D:3)
  2 withered plants (Ossuary)
6 creatures vanquished.

Grand Total: 255 creatures vanquished

Notes
Turn   | Place    | Note
-------+----------+-------------------------------------------
     0 | D:1      | aylmao the Troll Fighter began the quest for the Orb.
     0 | D:1      | Reached XP level 1. HP: 22/22 MP: 0/0
    91 | D:1      | Reached XP level 2. HP: 29/29 MP: 1/1
   139 | D:1      | Reached skill level 3 in Unarmed Combat
   439 | D:2      | Reached XP level 3. HP: 36/36 MP: 2/2
   454 | D:2      | Noticed Terence
   471 | D:2      | Killed Terence
   472 | D:2      | Reached skill level 4 in Unarmed Combat
   512 | D:2      | Found a shimmering altar of Xom.
   533 | D:2      | Reached XP level 4. HP: 44/44 MP: 3/3
  1482 | D:3      | Reached skill level 5 in Unarmed Combat
  1574 | D:3      | Reached XP level 5. HP: 50/50 MP: 4/4
  1578 | D:3      | Noticed Ijyb
  1585 | D:3      | Killed Ijyb
  2249 | D:4      | Reached skill level 6 in Unarmed Combat
  2293 | D:4      | Noticed Robin
  2357 | D:4      | Found a staircase to the Ecumenical Temple.
  2371 | Temple   | Entered the Ecumenical Temple
  2570 | Temple   | Became a worshipper of Ru the Awakened
  2627 | D:4      | Reached XP level 6. HP: 57/59 MP: 5/5
  2785 | D:4      | Found a sand-covered staircase.
  2793 | Ossuary  | Entered an ossuary
  2827 | Ossuary  | Reached skill level 7 in Unarmed Combat
  2850 | Ossuary  | Reached XP level 7. HP: 58/66 MP: 6/6
  2859 | Ossuary  | Reached skill level 1 in Stealth
  2868 | Ossuary  | Reached skill level 8 in Unarmed Combat
  2977 | Ossuary  | Reached skill level 9 in Unarmed Combat
  2998 | Ossuary  | Reached XP level 8. HP: 62/74 MP: 7/7
  3105 | Ossuary  | Reached skill level 10 in Unarmed Combat
  3267 | D:4      | Gained mutation: You cannot train Dodging skill. [Ru
                  | sacrifice]
  3267 | D:4      | Reached * piety under Ru
  3584 | D:4      | Killed Robin
  3855 | D:5      | Entered Level 5 of the Dungeon
  3910 | D:5      | You fall into a shaft and drop 1 floor!
  4010 | D:5      | Reached skill level 11 in Unarmed Combat
  4183 | D:5      | Reached XP level 9. HP: 48/80 MP: 8/8
  4341 | D:5      | Reached skill level 12 in Unarmed Combat
  5794 | D:7      | Reached skill level 13 in Unarmed Combat
  5823 | D:7      | Gained mutation: You cannot be stealthy. [Ru sacrifice]
  5823 | D:7      | Reached ** piety under Ru
  6015 | D:7      | Found a runed translucent door.
  6016 | D:7      | Noticed Crazy Yiuf
  6261 | D:7      | Found a shadowy altar of Dithmenos.
  6406 | D:7      | Killed Crazy Yiuf
  6541 | D:8      | Found a bloodstained altar of Trog.
  6590 | D:8      | Noticed Psyche
  6597 | D:8      | Killed Psyche
  6651 | D:8      | Noticed Amaemon
  6661 | D:8      | Noticed an orange demon
  6666 | D:8      | Killed Amaemon
  6667 | D:8      | Reached skill level 14 in Unarmed Combat
  6667 | D:8      | Reached XP level 10. HP: 19/88 MP: 9/9
  6678 | D:8      | Killed an orange demon
  6736 | D:8      | Identified the amulet "Vifixe" {Spirit rElec rPois Str+3}
  7415 | D:9      | Noticed a cyclops
  7444 | D:9      | Killed a cyclops
  7445 | D:9      | Reached skill level 15 in Unarmed Combat
  7534 | D:9      | Noticed a deep elf pyromancer
  7537 | D:9      | Killed a deep elf pyromancer
  7633 | D:9      | Found a hazy altar of Hepliaklqana.
  7633 | D:9      | Found an iron altar of Okawaru.
  7740 | D:9      | Identified the amulet of Uray {Acrobat Rampage rF- Str+5
                  | SInv}
  7770 | D:9      | HP: 2/88 [hornet (8)]
  7772 | D:9      | Mangled by a hornet

Illustrated notes

Levels and vault maps discovered:
D:1:      spicycebolla_arrival_ecumenical, layout_rooms, st_stairs_8,
          minmay_unequal
D:2:      layout_loops_ring, basic_altar, kennysheep_another_room, uniq_terence
D:3:      layout_loops_ring, serial_forest, infiniplex_forest_clump_diagonal,
          infiniplex_forest_lined_corner, infiniplex_forest_clump_curved,
          infiniplex_forest_clump_tiny, infiniplex_forest_straight_1,
          infiniplex_forest_split, infiniplex_forest_straight_5,
          minmay_circle_x, uniq_ijyb
D:4:      kennysheep_goblin_castle, layout_basic, minmay_temple_entry_glass,
          nicolae_ossuary_entry_monument
D:5:      layout_loops_ring
D:6:      layout_layer_cave
D:7:      layout_rooms, general_overflow_altar, uniq_crazy_yiuf_cottage
D:8:      layout_loops_ring, lemuel_crystal_altar, uniq_amaemon, uniq_psyche
D:9:      nzn_winding_woodlands_small [nzn_winding_woodlands_5x15_sidewinder,
          nzn_winding_woodlands_center_diamonds,
          nzn_winding_woodlands_5x15_default], layout_irregular_city,
          jmf_multi_god_temple, lemuel_mausoleum_altar_kikubaaqudgha
Temple:   bh_familiar_temple

Skill      XL: |  1  2  3  4  5  6  7  8  9 10 |
---------------+-------------------------------+-----
Unarmed Combat | 3 4 5 6 7 9 11 14 15 | 15.8
Stealth        | 1 0 |  0.0
Dodging        | 0 |  0.0
Fighting       | |  2.4
Shields        | |  2.6

Action                     |  1- 3 |  4- 6 |  7- 9 | 10-12 || total
---------------------------+-------+-------+-------+-------++-------
  Melee: Unarmed           |    71 |   212 |   373 |    97 ||   753
 Invoke: Sacrifice Nimblen |       |       |     1 |       ||     1
         Sacrifice Stealth |       |       |     1 |       ||     1
    Use: Scroll            |     2 |     9 |    12 |     4 ||    27
         Potion            |       |       |     2 |     2 ||     4
   Stab: Sleeping          |       |     1 |     3 |       ||     4
         Distracted        |       |       |     1 |       ||     1
         Invisible         |       |       |     3 |       ||     3
 Armour: Robe              |    23 |    73 |    82 |    22 ||   200
  Dodge: Dodged            |    26 |    65 |    95 |    29 ||   215
  Block: Kite shield       |    23 |    74 |   102 |    40 ||   239
